 Dungeon Crawl Stone Soup version 0.26-a0-599-gc8f6553d2c (webtiles) character file.

Game seed: 835396210192623175

1748 ANON1729 the Sneak (level 9, 0/62 HPs)
             Began as an Octopode Fighter on Aug 29, 2020.
             Slain by a worker ant (3 damage)
             ... on level 7 of the Dungeon.
             The game lasted 00:08:42 (6213 turns).

ANON1729 the Sneak (Octopode Fighter)               Turns: 6213, Time: 00:08:42

Health: 0/62       AC:  1    Str: 19    XL:     9   Next: 6%
Magic:  9/9        EV: 14    Int: 16    God:
Gold:   522        SH: 15    Dex: 11    Spells: 8/8 levels left

rFire    . . .     SeeInvis .   a - +0 long sword
rCold    . . .     Faith    .   b - +0 kite shield
rNeg     . . .     Spirit   .   (helmet restricted)
rPois    .         Reflect  +   n - amulet of reflection
rElec    .         Harm     .   f - +6 ring of intelligence
rCorr    .                      F - ring of protection from magic
MR       +....                  (no ring)
Stlth    ++++......             (no ring)
HPRegen  0.20/turn              (no ring)
MPRegen  0.11/turn              (no ring)
                                (no ring)
                                (no ring)

@: mighty
A: almost no armour, stealthy swim, amphibious, 8 rings, constrict 8, camouflage
1, gelatinous body 1
a: no special abilities


You were on level 7 of the Dungeon.
You visited 2 branches of the dungeon, and saw 8 of its levels.
You also visited: Ossuary.

You collected 522 gold pieces.

Inventory:

Hand Weapons
 a - a +0 long sword (weapon)
Missiles
 o - 8 javelins (quivered)
Armour
 b - a +0 kite shield (worn)
Jewellery
 f - a +6 ring of intelligence (left tentacle)
 n - an amulet of reflection (around mantle)
 F - a ring of protection from magic (right tentacle)
Wands
 w - a wand of digging (7)
 G - a wand of iceblast (16)
Scrolls
 d - 2 scrolls of fog
 e - 2 scrolls of blinking {unknown}
 g - 7 scrolls of teleportation
 h - 3 scrolls of enchant armour
 k - 2 scrolls of fear {unknown}
 l - 4 scrolls of amnesia
 r - 4 scrolls of enchant weapon
 x - a scroll of random uselessness {unknown}
 y - 2 scrolls of remove curse {unknown}
 C - a scroll of immolation {unknown}
 D - 3 scrolls of magic mapping
 E - 3 scrolls of identify
Potions
 c - a potion of might
 i - a potion of haste
 j - a potion of degeneration {unknown}
 m - a potion of cancellation {unknown}
 p - 3 potions of flight
 q - a potion of ambrosia {unknown}
 s - a potion of magic {unknown}
 t - 4 potions of curing {unknown}
 u - 3 potions of brilliance
 v - a potion of stabbing {unknown}
 z - a potion of lignification {unknown}
 A - 2 potions of berserk rage {unknown}
 B - a potion of resistance {unknown}


   Skills:
 + Level 5.8 Fighting
 + Level 5.3 Long Blades
 + Level 5.8 Dodging
 + Level 7.0 Stealth
 + Level 5.9 Shields


You had 8 spell levels left.
You didn't know any spells.
Your spell library contained the following spells:

 Spells                   Type           Power        Failure   Level
 Sandblast                Erth           #.....       63%         1
 Passwall                 Tmut/Erth      #.......     77%         2
 Stone Arrow              Conj/Erth      #.....       94%         3
 Petrify                  Tmut/Erth      #.......     100%        4
 Lee's Rapid Deconstruct  Erth           #.........   100%        5


Dungeon Overview and Level Annotations

Branches:
Dungeon (7/15)             Temple (1/1) D:7         Ossuary (visited)

Altars:
Ashenzari
Cheibriados
Dithmenos
Elyvilon
Fedhas
Gozag
Hepliaklqana
Kikubaaqudgha
Nemelex Xobeh
Okawaru
Qazlal
Ru
Sif Muna
Trog
Uskayaw
Vehumet
Wu Jian
Xom
Yredelemnul
The Shining One

Annotations:
D:4 2 transporters, rasy's ghost, amateur MiHu


Innate Abilities, Weirdness & Mutations

You cannot wear most types of armour.
You are very stealthy in the water. (Stealth+)
You are amphibious.
You can wear up to eight rings at the same time.
You can use your tentacles to constrict eight enemies at once.
Your skin changes colour to match your surroundings (Stealth+).
Your rubbery body absorbs attacks. (AC +1, EV +1)


Message History

The orc warrior is severely wounded.
You constrict the orc warrior, but do no damage.
You block the worker ant's attack. The orc warrior closely misses you.
You riposte.
The orc shouts!
You slash the orc warrior!
You kill the orc warrior!
Your Stealth skill increases to level 7!
You block the worker ant's attack.
You hear a shout!
You slash the worker ant! Your grab misses the worker ant.
You squeeze the worker ant.
The worker ant is almost dead.
You block the worker ant's attack.
You closely miss the worker ant. Your grab misses the worker ant.
The worker ant is almost dead.
The worker ant closely misses you.
An orc comes into view.
It is wielding a +0 dagger and quivering 5 boomerangs of dispersal.
The worker ant bites you.
You die...

***,,,,,**#.Y..#..# #.#
,***,,,,,**#...'..# ##.##
,,****+**##**,,#Y.# ##(..##
,,,*,,,.,#.#**,#..###(....##
,,,*,,,..#..#**#...#......)###
,,,+,,,!.'...#*#......._.....#
*,,*,,,,,#....##o.##.(.....#.###
**,*,,,,,#.....#)a###..M..##...#
******+***#....#@.# ##...##.o..##
,***,,,,,*##.o†'..#**##.##..o....
,,***,,,,,*##..#o.#,,............
,,,***,,,,,*##.#..#.######.#o....
,,,,***,,,,,*###..#.# #.#.o...
,,,,,***,,,,,*##....# #....<..
**'*######+####.....# ###.....
,,,,.......$.....>..# ***#.....
,,,,..'.............# *,,....(.


You could see an ice beast, a worker ant and 3 orcs.

Vanquished Creatures
  A wraith (Ossuary)
  Menkaure (D:7)
  3 orc warriors (D:7)
  A sky beast (D:6)
  A centaur (D:5)
  A bullfrog (D:6)
  A scorpion (D:6)
  4 killer bees (D:7)
  2 howler monkeys (D:7)
  5 orc priests
  A bullfrog skeleton (D:4)
  A centaur skeleton (D:3)
  Jessica (D:2)
  Terence (D:2)
  3 worker ants
  Natasha (thrice) (D:2)
  2 orc wizards (D:5)
  A mummy (Ossuary)
  5 adders
  5 white imps
  An adder zombie (D:5)
  An adder skeleton (D:4)
  3 worms
  A dart slug (D:2)
  9 leopard geckos
  14 orcs
  2 bats (D:1)
  A giant cockroach (D:2)
  3 goblins (D:1)
  5 hobgoblins
  4 jackals (D:3)
  3 quokkas
  3 ball pythons
  6 frilled lizards
  8 gnoll skeletons (Ossuary)
  7 kobolds
  6 kobold skeletons (Ossuary)
  11 orc skeletons (Ossuary)
  8 rats
139 creatures vanquished.

Notes
Turn   | Place    | Note
-------+----------+-------------------------------------------
     0 | D:1      | ANON1729 the Octopode Fighter began the quest for the Orb.
     0 | D:1      | Reached XP level 1. HP: 16/16 MP: 1/1
   220 | D:1      | Reached XP level 2. HP: 21/21 MP: 2/2
   224 | D:1      | Reached skill level 1 in Stealth
   472 | D:2      | Reached XP level 3. HP: 26/26 MP: 3/3
   482 | D:2      | Noticed Natasha
   488 | D:2      | Killed Natasha
   488 | D:2      | Reached skill level 2 in Stealth
   589 | D:2      | Noticed Terence
   595 | D:2      | Killed Terence
   595 | D:2      | Reached XP level 4. HP: 31/31 MP: 4/4
   725 | D:2      | Noticed Natasha
   729 | D:2      | Killed Natasha
   787 | D:2      | Noticed Jessica
   796 | D:2      | Killed Jessica
   796 | D:2      | Reached XP level 5. HP: 27/36 MP: 5/5
   866 | D:2      | Noticed Natasha
   870 | D:2      | Killed Natasha
   989 | D:2      | Reached skill level 3 in Stealth
  1000 | D:2      | Found an ancient bone altar of Kikubaaqudgha.
  1268 | D:3      | Found a basalt altar of Yredelemnul.
  2116 | D:3      | Reached XP level 6. HP: 43/43 MP: 6/6
  2192 | D:4      | Noticed rasy's ghost (amateur MiHu)
  2195 | D:4      | Found a transporter.
  2204 | D:4      | Found a transporter.
  2288 | D:4      | Found a stormy altar of Qazlal.
  2294 | D:4      | Found a blossoming altar of Fedhas.
  2477 | D:4      | Found a sand-covered staircase.
  2516 | Ossuary  | Entered an ossuary
  2516 | Ossuary  | Noticed a wraith
  2516 | Ossuary  | Noticed a wraith
  2516 | Ossuary  | Noticed a wraith
  2591 | Ossuary  | Noticed a wraith
  2768 | Ossuary  | Killed a wraith
  2768 | Ossuary  | Reached skill level 4 in Stealth
  2768 | Ossuary  | Reached XP level 7. HP: 35/49 MP: 7/7
  3366 | D:5      | Entered Level 5 of the Dungeon
  3512 | D:5      | Reached skill level 5 in Stealth
  3969 | D:5      | Found a shadowy altar of Dithmenos.
  4118 | D:5      | Found an ornate altar of the Wu Jian Council.
  4594 | D:6      | Reached XP level 8. HP: 37/54 MP: 8/8
  4627 | D:6      | Reached skill level 5 in Dodging
  4627 | D:6      | Reached skill level 5 in Shields
  4659 | D:6      | Reached skill level 5 in Fighting
  5119 | D:7      | Reached skill level 6 in Stealth
  5404 | D:7      | Found a bloodstained altar of Trog.
  5449 | D:7      | Reached skill level 5 in Long Blades
  5461 | D:7      | Noticed Menkaure
  5478 | D:7      | Found a staircase to the Ecumenical Temple.
  5486 | Temple   | Entered the Ecumenical Temple
  6154 | D:7      | Killed Menkaure
  6188 | D:7      | Reached XP level 9. HP: 14/62 MP: 9/9
  6209 | D:7      | HP: 2/62 [orc warrior/+0 short sword (16)]
  6211 | D:7      | Reached skill level 7 in Stealth
  6213 | D:7      | Slain by a worker ant

Illustrated notes

Levels and vault maps discovered:
D:1:      dpeg_arrival_short_road, layout_rooms
D:2:      layout_loops_corners, kiku_gazebo_pond_becter,
          minmay_misc_feat_diagonals, uniq_natasha, uniq_terence, uniq_jessica
D:3:      layout_loops_corners, yredelemnul_altar_generic
D:4:      layout_loops_ring, grunt_temple_overflow_forces_of_nature,
          gammafunk_ghost_arena, nicolae_ossuary_entry_ruins,
          kennysheep_small_circle
D:5:      layout_loops_ring, nicolae_dithmenos_the_darkroom, basic_altar
D:6:      layout_cave_pools, serial_rivers, chequers_serial_rivers_micro_e,
          chequers_serial_rivers_small_a, chequers_serial_rivers_large_b,
          chequers_serial_rivers_small_b, chequers_serial_rivers_micro_a
D:7:      layout_basic, lemuel_round_altar, temple_doors_e,
          minmay_quadrilaterals, uniq_menkaure
Temple:   eino_temple_water

Skill      XL: |  1  2  3  4  5  6  7  8  9 |
---------------+----------------------------+-----
Stealth        | 1 2 3 4 5 6 7 |  7.0
Long Blades    | 3 4 5 |  5.3
Dodging        | 4 5 |  5.8
Shields        | 4 5 |  5.9
Fighting       | 4 5 |  5.8

Action                   |  1- 3 |  4- 6 |  7- 9 || total
-------------------------+-------+-------+-------++-------
Melee: Long sword        |    31 |   112 |   146 ||   289
       Constrict         |     9 |    45 |    32 ||    86
       Tentacles         |     7 |    25 |    36 ||    68
  Use: Scroll            |       |     5 |     2 ||     7
       Potion            |       |     1 |     7 ||     8
 Stab: Sleeping          |     7 |    11 |     4 ||    22
       Distracted        |       |       |     1 ||     1
Armor: Skin              |       |     3 |     6 ||     9
Dodge: Dodged            |     6 |    35 |    54 ||    95
Block: Kite shield       |     8 |    52 |    85 ||   145
       Reflection        |       |       |     5 ||     5
       Rpst.: Long sword |     3 |    12 |    13 ||    28

Table legend: (Time is in decaauts)
 A = Elapsed time spent in this place.
 B = Non-inter-level travel time spent in this place.
 C = Inter-level travel time spent in this place.
 D = Time resting spent in this place.
 E = Time spent auto-exploring this place.
 F = Levels seen in this place.
 G = Mean time per level.
                   A        B        C        D        E       F      G
               +--------+--------+--------+--------+--------+-----+--------+
         Total |   6280 |   6115 |    165 |   1353 |   3776 |   9 |  697.8 |
       Dungeon |   5341 |   5203 |    138 |   1141 |   3283 |   7 |  763.0 |
        Temple |    619 |    592 |     27 |    166 |    425 |   1 |  619.0 |
       Ossuary |    319 |    319 |      0 |     46 |     68 |   1 |  319.0 |
               +--------+--------+--------+--------+--------+-----+--------+

Top non-repeatable levels by time:
     D:5: 1152 daAuts
     D:3: 956 daAuts
     D:4: 890 daAuts
     D:2: 843 daAuts
  Temple: 619 daAuts
     D:7: 569 daAuts
     D:6: 518 daAuts
     D:1: 409 daAuts
 Ossuary: 319 daAuts
